AoeStats
← NaiserPC

MegaRandom

510210959Analyzed
3v3 RM · 2d ago on Sep 30, 2026· 41m 53s· 6 players
Game mode
Random Map
Map size
Normal (6 player)
Population
200
Speed
Normal
Resources
Standard
Victory
Conquest
Starting age
Dark Age
Ending age
Imperial Age
RankedLock teamsTeams togetherTeam positionsShared explorationLock speedFull tech treeHidden civsTurbo modeCheats
Victory
Defeat
🇺🇸 Bulgarians · United States
861
+15
🇺🇸 Romans · United States
858
+15
🇺🇸 Mapuche · United States
850
+15
🇺🇸 Teutons · United States
888
-17
🇺🇸 Persians · United States
831
-15
🇺🇸 Franks · United States
786
-13
Dio Brando
7:01 Loom
7:09 Loom
9:46 Feudal Age
11:28 Double-Bit Axe
15:49 Castle Age
13:35 Horse Collar
16:25 Pikeman
17:24 Scale Mail Armor
19:21 Forging
23:32 Bloodlines
24:56 Bow Saw
26:17 Scale Barding Armor
27:24 Iron Casting
29:08 Chain Barding Armor
30:37 Fletching
31:37 Chain Mail Armor
33:07 Stone Mining
33:56 Husbandry
35:18 Bodkin Arrow
41:09 Imperial Age
40:18 Wheelbarrow
40:14 Kamandaran
40:31 Padded Archer Armor
41:33 Hand Cart
41:58 Stone Shaft Mining
40:51 Cavalier
42:44 Blast Furnace
41:30 Crossbowman
shosmleg
5:58 Loom
8:42 Feudal Age
9:44 Double-Bit Axe
11:43 Town Watch
14:50 Scale Barding Armor
14:56 Forging
21:41 Castle Age
21:46 Gold Mining
22:12 Padded Archer Armor
23:20 Bow Saw
24:18 Chain Barding Armor
27:40 Elite Skirmisher
29:07 Fletching
Cerun
3:28 Loom
11:22 Feudal Age
13:11 Horse Collar
13:20 Double-Bit Axe
14:04 Stone Mining
26:56 Castle Age
31:42 Arson
35:58 Heavy Plow
Danny_On_PC
9:58 Loom
12:25 Feudal Age
13:14 Double-Bit Axe
13:11 Horse Collar
15:28 Forging
15:18 Scale Mail Armor
21:30 Castle Age
21:22 Fletching
21:25 Gold Mining
22:40 Bow Saw
23:04 Heavy Plow
23:08 Arson
24:23 Squires
25:21 Gambesons
27:43 Iron Casting
27:24 Chain Mail Armor
27:43 Pikeman
28:36 Stone Mining
30:05 Fervor
32:54 Bloodlines
32:44 Husbandry
32:05 Light Cavalry
37:34 Wheelbarrow
37:49 Caravan
38:18 Bodkin Arrow
38:30 Scale Barding Armor
40:00 Stirrups
40:51 Chain Barding Armor
41:57 Gold Shaft Mining
41:57 Stone Shaft Mining
42:10 Hand Cart
NaiserPC
3:54 Loom
11:45 Feudal Age
11:53 Man-at-Arms
12:23 Horse Collar
14:52 Double-Bit Axe
19:48 Wheelbarrow
19:32 Scale Mail Armor
19:43 Forging
22:51 Castle Age
23:49 Heavy Plow
23:48 Pikeman
23:48 Long Swordsman
24:30 Squires
27:30 Chain Mail Armor
27:51 Iron Casting
39:40 Imperial Age
39:48 Wheelbarrow
39:35 Ballistas
41:29 Heavy Scorpion
Zekkie
5:48 Loom
9:46 Feudal Age
10:26 Double-Bit Axe
10:25 Horse Collar
14:39 Champi Runner
21:56 Castle Age
20:28 Stone Mining
21:35 Padded Archer Armor
21:26 Fletching
25:03 Wheelbarrow
24:55 Bow Saw
24:49 Heavy Plow
24:48 Gold Mining
26:54 Stone Shaft Mining
28:11 Gold Shaft Mining
28:15 Leather Archer Armor
30:50 Hand Cart
31:16 Ballistics
32:08 Bodkin Arrow
34:46 Malon
38:43 Imperial Age
39:52 Conscription
Connection lost

Rejoining the realm…

Still unreachable

The connection could not be restored.

Session expired

The server has moved on; the page needs a fresh start.